 Seeded DCSS version 0.30.1-9-gdf580d7c3d (webtiles) character file.

Game seed: 2394977854812512649 (custom seed)

283172 Psyclone the Gelid (level 19, -6/130 HPs)
             Began as a Deep Elf Conjurer on Oct 1, 2023.
             Was an Elder of Ashenzari.
             Killed by divine providence
             ... invoked by a deep elf high priest
              (11 damage)
             ... on level 3 of the Elven Halls on Oct 2, 2023.
             The game lasted 03:16:06 (51981 turns).

Psyclone the Gelid (Deep Elf Conjurer)             Turns: 51981, Time: 03:16:06

Health: -6/130     AC: 25    Str:  4    XL:     19   Next: 75%
Magic:  8/46       EV: 32    Int: 35    God:    Ashenzari [****..]
Gold:   2149       SH:  9    Dex: 13    Spells: 9/60 levels left

rFire   + . .        e - +3 Elemental Staff {rElec rF+ rC+ AC+3, Elem, Bglg} (curse)
rCold   + + .        d - +3 warlock's mirror {omnireflect, Alch, Self} (curse)
rNeg    . . .        a - +2 robe {rC+}
rPois   +            S - +2 helmet of Ashenzari's Autotheism {Int+3, Alch, Self} (curse)
rElec   +            A - +2 cloak of Desmomancy {Elem, Self} (curse)
rCorr   .            L - +2 pair of gloves "Shattered Together" {Bglg, Self} (curse)
SInv    +            b - +0 pair of boots
Will    +....        W - amulet of the Lashed Sorrow {Acrobat, Elem, Self} (curse)
Stlth   ++           u - ring of the Gnostic Secrets {AC+4, Alch, Self} (curse)
HPRegen 0.41/turn    y - ring of poison resistance
MPRegen 0.30/turn

%: reflection, acrobat, clarity
@: acrobatic, very slightly contaminated, studying Spellcasting
A: iridescent scales 2
}: 2/15 runes: decaying, gossamer
a: Renounce Religion, Curse Item, Shatter the Chains


You were on level 3 of the Elven Halls.
You worshipped Ashenzari.
Ashenzari was greatly pleased with you.
You visited 7 branches of the dungeon, and saw 34 of its levels.
You also visited: Volcano.

You collected 4099 gold pieces.
You spent 1950 gold pieces at shops.

Inventory:

Hand Weapons
 e - the cursed +3 Elemental Staff (weapon) {rElec rF+ rC+ AC+3, Elem, Bglg}
   (You acquired it on level 1 of the Dungeon)

   It enhances your fire, ice, earth and air magic.
   AC:        It affects your AC (+3).
   rF:        It protects you from fire.
   rC:        It protects you from cold.
   rElec:     It insulates you from electricity.
   It has a curse which improves the following skills: Elements: Fire Magic, Ice
   Magic, Air Magic and Earth Magic.
   Beguiling: Conjurations, Hexes and Translocations.
Armour
 a - a +2 robe of cold resistance (worn)
 b - a +0 pair of boots (worn)
 d - the cursed +3 warlock's mirror (worn) {omnireflect, Alch, Self}
   (You acquired it on level 1 of the Dungeon)

   Omnireflect: It can block and reflect piercing ranged attacks and magical
   attacks against the wielder's willpower.
   It has a curse which improves the following skills: Alchemy: Poison Magic and
   Transmutations.
   Introspection: Fighting and Spellcasting.
 z - a +2 cloak of willpower
 A - the cursed +2 cloak of Desmomancy (worn) {Elem, Self}
   (You took it off Crazy Yiuf on level 5 of the Dungeon)

   It has a curse which improves the following skills: Elements: Fire Magic, Ice
   Magic, Air Magic and Earth Magic.
   Introspection: Fighting and Spellcasting.
 E - a +2 pair of gloves of stealth
 J - a +0 kite shield of reflection
 L - the cursed +2 pair of gloves "Shattered Together" (worn) {Bglg, Self}
   (You found it on level 9 of the Dungeon)

   It has a curse which improves the following skills: Beguiling: Conjurations,
   Hexes and Translocations.
   Introspection: Fighting and Spellcasting.
 S - the cursed +2 helmet of Ashenzari's Autotheism (worn) {Int+3, Alch, Self}
   (You found it in a volcano)

   It has a curse which improves the following skills: Alchemy: Poison Magic and
   Transmutations.
   Introspection: Fighting and Spellcasting.
Jewellery
 u - the cursed ring of the Gnostic Secrets (left hand) {AC+4, Alch, Self}
   (You found it on level 4 of the Dungeon)

   [ring of protection]

   AC:        It affects your AC (+4).
   It has a curse which improves the following skills: Alchemy: Poison Magic and
   Transmutations.
   Introspection: Fighting and Spellcasting.
 v - an amulet of reflection
 y - a ring of poison resistance (right hand)
 I - a +6 ring of intelligence
 W - the cursed amulet of the Lashed Sorrow (around neck) {Acrobat, Elem, Self}
   (You found it on level 3 of the Lair of Beasts)

   [amulet of the acrobat]

   It increases your evasion while moving and waiting.
   It has a curse which improves the following skills: Elements: Fire Magic, Ice
   Magic, Air Magic and Earth Magic.
   Introspection: Fighting and Spellcasting.
Wands
 B - a wand of flame (33)
 D - a wand of paralysis (40)
 F - a wand of polymorph (9)
 K - a wand of mindburst (11)
 M - a wand of light (15)
 N - a wand of digging (12)
 P - a wand of roots (41)
Scrolls
 h - 15 scrolls of teleportation
 l - 3 scrolls of butterflies
 m - 8 scrolls of magic mapping
 o - 6 scrolls of immolation
 q - 4 scrolls of torment
 w - 6 scrolls of enchant weapon
 C - 4 scrolls of enchant armour
 O - 4 scrolls of vulnerability
 Q - 7 scrolls of amnesia
 R - 14 scrolls of identify {@r1}
 U - 4 scrolls of fog
 V - 4 scrolls of poison
 Y - a scroll of brand weapon
Potions
 c - 7 potions of berserk rage
 f - 3 potions of invisibility
 g - 8 potions of might
 i - 7 potions of lignification
 j - 3 potions of brilliance
 k - 4 potions of attraction
 n - 2 potions of resistance
 p - 5 potions of mutation
 r - 12 potions of curing
 s - 9 potions of heal wounds
 t - 5 potions of ambrosia
 x - 4 potions of cancellation
 G - 7 potions of haste
 H - 3 potions of flight
 X - a potion of magic
Miscellaneous
 T - a phantom mirror


   Skills:
 - Level 12.2(18.0) Fighting
 - Level 14.0 Dodging
 - Level 2.4 Stealth
 - Level 8.0 Shields
 - Level 15.2(21.0) Spellcasting
 - Level 15.4(18.0) Conjurations
 - Level 12.4(16.0) Fire Magic
 * Level 16.0(19.4) Ice Magic
 - Level 14.5(18.0) Air Magic
 - Level 12.4(16.0) Earth Magic


You had 9 spell levels left.
You knew the following spells:

 Your Spells              Type           Power      Damage    Failure   Level
a - Magic Dart            Conj           100%       1d8       0%          1
b - Searing Ray           Conj           100%       2d8       0%          2
c - Frozen Ramparts       Ice            100%       1d16      0%          3
d - Fulminant Prism       Conj/Hex       39%        3d17      1%          4
e - Iskenderun's Mystic   Conj/Tloc      79%        2d16      1%          4
f - Freezing Cloud        Conj/Ice/Air   77%        6-21      1%          5
g - Arcjolt               Conj/Air       63%        1d73      1%          5
h - Iron Shot             Conj/Erth      62%        9d12      1%          6
i - Iskenderun's Battles  Conj           100%       2d15      1%          5
j - Maxwell's Capacitive  Air            63%        ∞         5%          8
k - Starburst             Conj/Fire      62%        6d16      1%          6
v - Poisonous Vapours     Pois/Air       100%       N/A       1%          2

Your spell library contained the following spells:

 Spells                   Type           Power      Damage    Failure   Level
 Foxfire                  Conj/Fire      100%       2x1d9     0%          1
 Shock                    Conj/Air       100%       1d9       0%          1
 Ozocubu's Armour         Ice            100%       N/A       0%          3
 Flame Wave               Conj/Fire      100%       2d21      0%          4
 Call Imp                 Summ           72%        N/A       1%          2
 Ensorcelled Hibernation  Hex/Ice        100%       N/A       1%          2
 Lesser Beckoning         Tloc           78%        N/A       1%          2
 Dazzling Flash           Conj/Hex       100%       N/A       1%          3
 Mephitic Cloud           Conj/Pois/Air  100%       N/A       1%          3
 Vhi's Electric Charge    Tloc/Air       100%       N/A       1%          3
 Ice Form                 Ice/Tmut       100%       N/A       1%          4
 Leda's Liquefaction      Hex/Erth       48%        N/A       1%          4
 Summon Ice Beast         Ice/Summ       100%       N/A       1%          4
 Borgnjor's Vile Clutch   Necr/Erth      47%        N/A       1%          5
 Fireball                 Conj/Fire      62%        3d24      1%          5
 Lee's Rapid Deconstruct  Erth           61%        3d28*     1%          5
 Metabolic Englaciation   Hex/Ice        51%        N/A       1%          5
 Silence                  Hex/Air        50%        N/A       1%          5
 Plasma Beam              Fire/Air       75%        2x1d101   1%          6
 Ozocubu's Refrigeration  Ice            65%        4d22      1%          7
 Gell's Gravitas          Tloc           39%        N/A       3%          3
 Portal Projectile        Hex/Tloc       78%        N/A       3%          3
 Spider Form              Tmut/Pois      40%        N/A       3%          3
 Teleport Other           Tloc           39%        N/A       3%          3
 Tukima's Dance           Hex            39%        N/A       3%          3
 Simulacrum               Ice/Necr       51%        N/A       3%          6
 Statue Form              Tmut/Erth      64%        N/A       7%          6
 Passage of Golubria      Tloc           39%        N/A       11%         4
 Anguish                  Hex/Necr       18%        N/A       12%         4
 Spellforged Servitor     Conj/Summ      39%        N/A       26%         7
 Alistair's Intoxication  Tmut/Pois      26%        N/A       28%         5
 Blade Hands              Tmut           20%        N/A       28%         5
 Yara's Violent Unravell  Hex/Tmut       19%        3d9       30%         5
 Agony                    Necr           36%        N/A       34%         5
 Polar Vortex             Ice            65%        N/A       41%         9
 Eringya's Noxious Bog    Tmut/Pois      20%        N/A       85%         6


Dungeon Overview and Level Annotations

Branches:
Dungeon (15/15) Zot: 26079  Temple (1/1) D:5 Zot: 5817    Lair (5/5) D:9 Zot: 23269
  Swamp (4/4) Lair:3 Zot: 17603  Spider (4/4) Lair:2 Zot: 15621   Slime (0/5) Lair:4
    Orc (2/2) D:9 Zot: 8382     Elf (3/3) Orc:2 Zot: 11263  Vaults (0/5) D:14
 Depths (0/4) D:15        Volcano (visited)

Altars:
Ashenzari
Cheibriados
Dithmenos
Elyvilon
Fedhas
Gozag
Hepliaklqana
Kikubaaqudgha
Makhleb
Nemelex Xobeh
Okawaru
Qazlal
Ru
Sif Muna
Trog
Uskayaw
Vehumet
Wu Jian
Xom
Yredelemnul
Zin
The Shining One

Shops:
D:2 !   D:10 *   Orc:2 !*(((   Elf:1 *(=!:   Elf:2 !

Annotations:
D:6 2 transporters
D:11 exclusion: downstairs


Innate Abilities, Weirdness & Mutations

You are mostly covered in iridescent scales. (AC +4)


Message History

Nothing appears to happen.
The deep elf high priest mumbles some strange prayers to its god against you.
The sphere of damnation explodes!
The damnation engulfs you!!!
A deep elf high priest comes into view. It is wielding a +3 long sword.
You take 36 damage, and have 58/130 hp.
MASSIVE DAMAGE!!
You now have 22/46 mp.
Casting: Maxwell's Capacitive Coupling (dangerous; 5% risk of failure)
Confirm with . or Enter, or press ? or * to list all spells.
You feel a surge of power!
You begin accumulating electric charge. (Press . to continue charging.)
You feel charge building up...
The deep elf high priest unwields a +0 scimitar.
The deep elf high priest wields a +0 shortbow.
The deep elf high priest shoots an arrow.
The arrow closely misses you.
The deep elf high priest invokes the aid of its god against you.
The sphere of damnation explodes!
The damnation engulfs you!!
* * * LOW HITPOINT WARNING * * *
You take 22 damage, and have 36/130 hp.
You now have 15/46 mp.
You feel charge building up...
You feel charge building up...
The deep elf high priest shoots an arrow.
The arrow closely misses you.
The electricity discharges through the deep elf high priest!!!
The deep elf high priest vaporises in an electric haze!
You kill the deep elf high priest!
You hear a shout! x2
Your base Ice Magic skill increases to level 16!
Casting: Maxwell's Capacitive Coupling (dangerous; 5% risk of failure)
Confirm with . or Enter, or press ? or * to list all spells.
You feel a surge of power!
You begin accumulating electric charge. (Press . to continue charging.)
You feel charge building up...
The deep elf high priest utters a dark prayer and points at you.
Your life force is offered up.
* * * LOW HITPOINT WARNING * * *
You take 33 damage, and have 4/130 hp.
MASSIVE DAMAGE!!
You now have 8/46 mp.
You feel charge building up...
The deep elf high priest calls down the wrath of its god upon you.
Something smites you!
You die...

#.# #)# #.##....}.... #.#
#)####.#.......... #.#
#...))............ ..#
#e###[##.!...).... ..####
##.###<###......... .....#
#...##.# ##.......#
..##.##########...##.#
##.....##
..##..........#...##.# ##...##
..###########.##@###.# ##.##
..# #.##.# #.# #.# .#####
#.##.# #.# #.# .....# #.##.#
#.# #.# .....#
###....###.#######.# .....#
#.......)..#.......#
.....######.###..#####.#######
............# #..# #.#
.....######.# #..# #.#


You could see a deep elf high priest.

Vanquished Creatures
  Mara (Swamp:3)
  The ghost of Fuonemn the Impregnable, a veteran DDBe of Trog (Elf:2)
  Saint Roka (Elf:3)
  The ghost of Heg Cuhi the Slayer, an adept MiFi of Okawaru (Elf:2)
  The ghost of wjchen the Warrior, an adept MiFi of Okawaru (Elf:2)
  Jorgrun (Swamp:2)
  2 tentacled monstrosities
  A deep elf blademaster (Elf:3)
  Asterion (Spider:3)
  The ghost of Vetissim the Earth Mage, an adept GrEE of Vehumet (Elf:3)
  Kirke (D:13)
  Donald (Swamp:4)
  A storm dragon (shapeshifter) (D:14)
  Agnes (D:14)
  5 deep elf sorcerers
  An emperor scorpion (Spider:4)
  3 ghost moths
  2 deep elf elementalists (Elf:3)
  Louise (Spider:3)
  2 ghouls (Swamp:4)
  An ironbound preserver (D:14)
  A very ugly thing (Swamp:4)
  2 broodmothers
  2 eleionomae
  Azrael (D:14)
  4 bunyips
  3 deep elf annihilators
  A deep elf demonologist (Elf:2)
  2 spark wasps (Spider:3)
  4 deep elf death magi
  2 shambling mangroves (Swamp:4)
  A fire dragon (D:14)
  2 green deaths (Swamp:4)
  A crystal guardian (Elf:3)
  A deep elf high priest (Elf:3)
  6 entropy weavers
  An ettin (D:15)
  2 rakshasas
  A great orb of eyes (Swamp:4)
  3 ghost crabs
  2 hell beasts (Swamp:4)
  3 jorogumos
  6 boulder beetles
  Harold (Orc:1)
  An ogre mage (D:13)
  17 hydras
  3 radroaches
  A catoblepas (D:14)
  A death knight (D:9)
  A spriggan air mage (Swamp:3)
  4 centaur warriors
  Erica (Orc:1)
  14 alligators
  26 dancing weapons
  4 death yaks (Lair:5)
  An orc high priest (Orc:2)
  8 tengu warriors
  13 two-headed ogres
  24 deep elf knights
  A thrashing horror (Swamp:4)
  3 skysharks
  2 goliath frogs
  Lodul (D:13)
  9 skeletal warriors
  3 sun moths
  7 pharaoh ants
  10 swamp dragons
  7 orb spiders
  4 spriggan druids
  9 bog bodies
  A deep troll (D:15)
  38 deep elf zephyrmancers
  15 deep elf archers
  14 steelbarb worms
  2 wizards
  2 anaconda skeletons (Volcano)
  11 wolf spiders
  18 deep elf pyromancers
  A necromancer (D:15)
  5 cyclopes
  7 ugly things
  3 oklob plants
  An orc knight (Orc:2)
  6 orc sorcerers
  5 manticores
  4 will-o-the-wisps
  An ice statue (Lair:3)
  7 black mambas
  19 elephants
  11 demonic crawlers
  17 cane toads
  An orange demon (Swamp:4)
  5 torpor snails
  7 gargoyles
  2 efreet
  7 kobold demonologists
  A komodo dragon (shapeshifter) (D:14)
  2 unseen horrors
  3 komodo dragons
  4 tengu conjurers
  A freezing wraith (Lair:3)
  9 trolls
  A bloated husk (Swamp:3)
  8 polar bears
  A troll (shapeshifter) (D:13)
  3 meliai (Spider:4)
  A harpy skeleton (Volcano)
  9 tyrant leeches
  6 hornets
  27 blink frogs
  20 tarantellas
  A raiju (D:13)
  2 flying skulls (Volcano)
  10 dream sheep
  20 jumping spiders
  2 air elementals
  5 spriggans
  19 slime creatures
  A vampire (D:12)
  Sigmund (D:2)
  4 shadows
  A wyvern (shapeshifter) (Elf:1)
  3 wyverns
  A jumping spider (shapeshifter) (D:13)
  19 culicivoras
  2 water elementals
  6 hogs (D:13)
  50 yaks
  4 wraiths
  3 alligator skeletons (Volcano)
  8 fire elementals
  37 redbacks
  2 large abominations (Swamp:4)
  5 basilisks
  13 vampire mosquitoes
  13 swamp worms
  13 wargs
  2 acid dragons
  3 hell hounds
  13 water moccasins
  41 orc warriors
  5 swamp drakes
  5 ice beasts
  A sky beast (D:7)
  A black bear (D:5)
  2 boggarts (Elf:2)
  7 centaurs
  11 ogres
  17 wolves
  2 phantoms
  A kobold brigand (D:11)
  20 bullfrogs
  A small abomination (Swamp:4)
  4 earth elementals
  7 gnoll sergeants
  2 scorpions
  5 wights (D:9)
  A troll skeleton (Volcano)
  7 howler monkeys
  2 spriggan skeletons (Volcano)
  2 electric eels (Lair:5)
  2 jellies
  6 hounds
  28 orc priests
  Crazy Yiuf (D:5)
  3 sleepcaps
  2 iguanas
  45 orc wizards
  2 naga skeletons (Volcano)
  11 gnolls
  3 adders
  2 white imps (Lair:3)
  An ufetubus (D:6)
  3 worms (D:2)
  4 dart slugs
  112 orcs
  8 ball pythons
  6 endoplasms
  3 giant cockroaches
  14 goblins
  7 hobgoblins
  4 jackals (D:5)
  7 kobolds
  3 quokkas
  6 bats
  4 frilled lizards
  7 rats
  A butterfly (Lair:4)
1265 creatures vanquished.

Vanquished Creatures (others)
  An alligator (Swamp:3)
  A tengu conjurer (D:14)
  An acid dragon (D:14)
  14 foxfires
  46 fulminant prisms
63 creatures vanquished.

Grand Total: 1328 creatures vanquished

Notes
Turn   | Place    | Note
-------+----------+-------------------------------------------
     0 | D:1      | Psyclone the Deep Elf Conjurer began the quest for the Orb.
     0 | D:1      | Reached XP level 1. HP: 10/10 MP: 6/6
    46 | D:1      | Identified a scroll of acquirement
    46 | D:1      | Acquired the +3 Elemental Staff {rElec rF+ rC+ AC+3}
    46 | D:1      | Found the +3 Elemental Staff {rElec rF+ rC+ AC+3}
    89 | D:1      | Acquired the +3 warlock's mirror {omnireflect}
    89 | D:1      | Found the +3 warlock's mirror {omnireflect}
   272 | D:1      | Reached XP level 2. HP: 15/15 MP: 5/8
   641 | D:1      | Reached skill level 5 in Conjurations
   857 | D:1      | Reached XP level 3. HP: 19/19 MP: 7/10
  1035 | D:1      | Learned a level 2 spell: Searing Ray
  1204 | D:2      | Noticed Sigmund
  1210 | D:2      | Killed Sigmund
  1211 | D:2      | Reached skill level 5 in Spellcasting
  1211 | D:2      | Reached XP level 4. HP: 24/24 MP: 1/13
  1211 | D:2      | Reached XP level 5. HP: 28/28 MP: 1/14
  1783 | D:2      | Found Utwiat's Distillery.
  2132 | D:3      | Found a snail-covered altar of Cheibriados.
  3236 | D:4      | Noticed an ice beast
  3245 | D:4      | Killed an ice beast
  3246 | D:4      | Reached XP level 6. HP: 32/32 MP: 6/16
  3437 | D:4      | Reached skill level 1 in Shields
  3449 | D:4      | Found a hazy altar of Hepliaklqana.
  3966 | D:5      | Entered Level 5 of the Dungeon
  4209 | D:5      | Reached XP level 7. HP: 32/36 MP: 7/18
  4601 | D:5      | Found a staircase to the Ecumenical Temple.
  4614 | Temple   | Entered the Ecumenical Temple
  4787 | Temple   | Became a worshipper of Ashenzari the Shackled
  5024 | D:5      | Found a glowing silver altar of Zin.
  5310 | D:5      | Found a runed translucent door.
  5311 | D:5      | Noticed Crazy Yiuf
  5318 | D:5      | Killed Crazy Yiuf
  5390 | D:5      | Reached XP level 8. HP: 41/41 MP: 14/20
  5829 | D:6      | Found a shimmering blue altar of Sif Muna.
  5830 | D:6      | Found a sparkling altar of Nemelex Xobeh.
  5831 | D:6      | Found a white marble altar of Elyvilon.
  5834 | D:6      | Found a transporter.
  6351 | D:6      | Learned a level 4 spell: Fulminant Prism
  6356 | D:6      | Learned a level 4 spell: Iskenderun's Mystic Blast
  6359 | D:6      | Learned a level 2 spell: Poisonous Vapours
  6364 | D:6      | Found a bloodstained altar of Trog.
  6378 | D:6      | Reached skill level 10 in Conjurations
  6496 | D:6      | Found a transporter.
  6743 | D:6      | Found a sacrificial altar of Ru.
  6743 | D:6      | Found an iron altar of Okawaru.
  7041 | D:6      | Learned a level 5 spell: Freezing Cloud
  7219 | D:7      | Reached skill level 1 in Ice Magic
  7350 | D:7      | Learned a level 3 spell: Frozen Ramparts
  7398 | D:7      | Reached skill level 2 in Ice Magic
  7770 | D:7      | Reached XP level 9. HP: 45/45 MP: 19/23
  7862 | D:7      | Reached skill level 3 in Ice Magic
  8434 | D:8      | Found a basalt altar of Yredelemnul.
  8680 | D:8      | Found a stormy altar of Qazlal.
  8706 | D:8      | Reached skill level 4 in Ice Magic
  9140 | D:9      | Reached skill level 5 in Ice Magic
  9154 | D:9      | Found a staircase to the Lair.
  9222 | D:9      | Found a staircase to the Orcish Mines.
  9491 | D:9      | Reached skill level 5 in Shields
  9491 | D:9      | Reached skill level 10 in Spellcasting
  9494 | D:9      | Reached skill level 6 in Ice Magic
  9516 | D:9      | Reached skill level 7 in Ice Magic
  9695 | D:9      | Noticed a death knight
  9716 | D:9      | Killed a death knight
  9717 | D:9      | Reached skill level 8 in Ice Magic
  9717 | D:9      | Reached XP level 10. HP: 29/50 MP: 14/26
 10384 | D:9      | Reached skill level 9 in Ice Magic
 10483 | D:9      | Found a burning altar of Makhleb.
 10699 | D:10     | Entered Level 10 of the Dungeon
 10715 | D:10     | Learned a level 5 spell: Iskenderun's Battlesphere
 10757 | D:10     | Noticed a two-headed ogre
 10760 | D:10     | Killed a two-headed ogre
 10761 | D:10     | Reached skill level 1 in Fighting
 10816 | D:10     | Noticed a two-headed ogre
 10831 | D:10     | Killed a two-headed ogre
 11003 | D:10     | Reached skill level 5 in Fighting
 11167 | D:10     | Found Nuryn's Blasphemy Boutique.
 11502 | D:11     | Reached XP level 11. HP: 59/64 MP: 22/27
 12377 | D:12     | Noticed a skeletal warrior
 12377 | D:12     | Noticed a skeletal warrior
 12378 | D:12     | Noticed a skeletal warrior
 12744 | D:12     | Killed a skeletal warrior
 12858 | D:12     | Killed a skeletal warrior
 12860 | D:12     | Killed a skeletal warrior
 13604 | D:12     | Found a stormy altar of Qazlal.
 13604 | D:12     | Noticed a two-headed ogre
 13785 | D:12     | Noticed a two-headed ogre
 13790 | D:12     | Killed a two-headed ogre
 13791 | D:12     | Reached skill level 10 in Fighting
 13916 | D:12     | Identified the +4 scale mail of the True Pharaoh {Rampage
                  | Slay+2}
 14220 | Lair:1   | Entered Level 1 of the Lair of Beasts
 14239 | Lair:1   | Reached XP level 12. HP: 67/77 MP: 10/28
 14242 | Lair:1   | Reached skill level 5 in Dodging
 14409 | Lair:1   | Found a dark tunnel.
 14416 | Volcano  | Entered a volcano
 14444 | Volcano  | Reached * piety under Ashenzari
 14805 | Volcano  | Reached skill level 10 in Dodging
 15746 | Lair:1   | Reached ** piety under Ashenzari
 16341 | Lair:2   | Noticed a four-headed hydra
 16348 | Lair:2   | Killed a four-headed hydra
 16458 | Lair:2   | Found a hole to the Spider Nest.
 16691 | Lair:2   | Reached XP level 13. HP: 85/85 MP: 22/34
 16913 | Lair:2   | Reached skill level 10 in Ice Magic
 17449 | Lair:3   | Gained mutation: You are partially covered in iridescent
                  | scales. (AC +2) [potion of mutation]
 17449 | Lair:3   | Gained mutation: You are mostly covered in iridescent
                  | scales. (AC +4) [potion of mutation]
 18180 | Lair:3   | Identified the +1 morningstar "Atuhol" {flame, rCorr Dex+4}
 18313 | Lair:3   | Found a staircase to the Swamp.
 18780 | Lair:4   | Learned a level 5 spell: Arcjolt
 18970 | Lair:4   | Reached skill level 1 in Air Magic
 18972 | Lair:4   | Found a staircase to the Slime Pits.
 19312 | Lair:5   | Entered Level 5 of the Lair of Beasts
 19617 | Lair:5   | Reached skill level 5 in Air Magic
 19627 | Lair:5   | Reached XP level 14. HP: 92/92 MP: 8/35
 20451 | Lair:5   | Reached skill level 10 in Air Magic
 20777 | Lair:5   | Identified the +1 hand crossbow "Zingocw" {speed, rF- Will+
                  | Dex+3}
 21013 | Lair:5   | Reached *** piety under Ashenzari
 21297 | Orc:1    | Entered Level 1 of the Orcish Mines
 21297 | Orc:1    | Noticed Harold
 21302 | Orc:1    | Killed Harold
 21522 | Orc:2    | Entered Level 2 of the Orcish Mines
 22533 | Orc:2    | Found Vecin's General Store.
 22533 | Orc:2    | Found Xaggez's Distillery.
 22533 | Orc:2    | Found Qunammik's Weapon Shop.
 22536 | Orc:2    | Found Hykemuw's Weapon Shop.
 22825 | Orc:2    | Found Upaodeyrgh's Weapon Emporium.
 23038 | Orc:2    | Found a burning altar of Makhleb.
 23039 | Orc:2    | Reached **** piety under Ashenzari
 23126 | Orc:2    | Found a staircase to the Elven Halls.
 23266 | Orc:1    | Noticed Erica
 23269 | Orc:1    | Killed Erica
 24411 | D:13     | Reached XP level 15. HP: 97/103 MP: 16/40
 24493 | D:13     | Identified the +7 hand axe "Agol" {flame, rElec Will+++
                  | Stlth+}
 24527 | D:13     | Reached skill level 15 in Spellcasting
 24772 | D:13     | Reached skill level 11 in Ice Magic
 25421 | D:13     | Noticed Kirke
 25428 | D:13     | Killed Kirke
 25530 | D:13     | Noticed Lodul
 25536 | D:13     | Killed Lodul
 25957 | D:13     | Reached skill level 12 in Ice Magic
 26488 | D:13     | Identified the staff of poison "Gucigips" {rPois Will-
                  | Str+4 Int+3}
 26517 | D:13     | Learned a level 6 spell: Iron Shot
 26526 | D:13     | Learned a level 8 spell: Maxwell's Capacitive Coupling
 27241 | D:14     | Noticed Agnes
 27244 | D:14     | Killed Agnes
 27330 | D:14     | Reached skill level 1 in Earth Magic
 27632 | D:14     | Noticed a storm dragon
 27633 | D:14     | Found a gate to the Vaults.
 27636 | D:14     | Killed a storm dragon
 27853 | D:14     | Reached skill level 5 in Earth Magic
 28016 | D:14     | Reached XP level 16. HP: 108/111 MP: 27/42
 28353 | D:14     | Noticed Azrael
 28362 | D:14     | Killed Azrael
 28445 | D:14     | Found a hide-covered altar of Uskayaw.
 28563 | D:15     | Entered Level 15 of the Dungeon
 28736 | D:15     | Found a staircase to the Depths.
 28846 | D:15     | Found a white marble altar of Elyvilon.
 29196 | D:15     | Found a bloodstained altar of Trog.
 29510 | Swamp:1  | Entered Level 1 of the Swamp
 29510 | Swamp:1  | Noticed a tentacled monstrosity
 29524 | Swamp:1  | Killed a tentacled monstrosity
 30196 | Swamp:1  | Reached skill level 10 in Earth Magic
 30486 | Swamp:2  | Noticed a tentacled monstrosity
 30495 | Swamp:2  | Killed a tentacled monstrosity
 30683 | Swamp:2  | Noticed Jorgrun
 30694 | Swamp:2  | Killed Jorgrun
 31593 | Swamp:3  | Noticed Mara
 31600 | Swamp:3  | Killed Mara
 31771 | Swamp:3  | Identified the +0 chain mail of the Ancient Songs {Fly
                  | Slay+3}
 31794 | Swamp:3  | Paralysed by a hornet for 1 turns
 32456 | Swamp:3  | Reached skill level 1 in Fire Magic
 32635 | Swamp:4  | Entered Level 4 of the Swamp
 32735 | Swamp:4  | Noticed Donald
 32738 | Swamp:4  | Killed Donald
 33234 | Swamp:4  | Reached XP level 17. HP: 83/116 MP: 15/43
 33715 | Swamp:4  | Reached skill level 5 in Fire Magic
 34650 | Swamp:4  | Paralysed by a great orb of eyes for 3 turns
 34951 | Swamp:4  | Reached skill level 15 in Conjurations
 35371 | Swamp:4  | Got a decaying rune of Zot
 35771 | Spider:1 | Entered Level 1 of the Spider Nest
 38676 | Spider:2 | Learned a level 6 spell: Starburst
 38702 | Spider:3 | Reached skill level 10 in Fire Magic
 39124 | Spider:3 | Noticed Asterion
 39386 | Spider:3 | Killed Asterion
 39524 | Spider:3 | Identified the +7 tower shield of Sajohopa {Str-4 Int+3
                  | Stlth+}
 39524 | Spider:3 | Noticed Louise
 39674 | Spider:3 | Killed Louise
 40376 | Spider:3 | Reached XP level 18. HP: 124/124 MP: 17/44
 40882 | Spider:3 | Identified the +1 broad axe "Sotzow" {heavy, rC+ rN+ Will+}
 41221 | Spider:4 | Entered Level 4 of the Spider Nest
 43279 | Spider:4 | Got a gossamer rune of Zot
 44332 | Elf:1    | Entered Level 1 of the Elven Halls
 45382 | Elf:1    | Identified the Thoughts on Trauma
 45433 | Elf:1    | Found Jipp's Distillery.
 45448 | Elf:1    | Found Olac's Weapon Boutique.
 45635 | Elf:1    | Found Jomozak's Book Emporium.
 45648 | Elf:1    | Bought a manual of Spellcasting for 1200 gold pieces
 45648 | Elf:1    | Bought a book of Ice for 750 gold pieces
 45740 | Elf:1    | Found Doanno's Jewellery Shoppe.
 46468 | Elf:1    | Found Kaewk's General Store.
 47108 | Elf:2    | Reached skill level 13 in Ice Magic
 47425 | Elf:2    | Reached XP level 19. HP: 115/130 MP: 18/46
 47432 | Elf:2    | Paralysed by an air elemental for 1 turns
 48474 | Elf:2    | Found a runed translucent gate.
 48474 | Elf:2    | Found a runed translucent gate.
 48474 | Elf:2    | Found a runed translucent gate.
 48474 | Elf:2    | Noticed Fuonemn's ghost (veteran DDBe)
 48475 | Elf:2    | Noticed Heg Cuhi's ghost (adept MiFi)
 48475 | Elf:2    | Noticed wjchen's ghost (adept MiFi)
 48487 | Elf:2    | Killed wjchen's ghost
 48683 | Elf:2    | Killed Fuonemn's ghost
 48684 | Elf:2    | Reached skill level 14 in Ice Magic
 48687 | Elf:2    | Killed Heg Cuhi's ghost
 48956 | Elf:2    | Found Gadwacak's Distillery.
 49024 | Elf:2    | Found a runed translucent gate.
 49024 | Elf:2    | Found a runed translucent gate.
 49024 | Elf:2    | Found a runed translucent gate.
 50488 | Elf:3    | Entered Level 3 of the Elven Halls
 51016 | Elf:3    | Noticed Saint Roka
 51031 | Elf:3    | Killed Saint Roka
 51032 | Elf:3    | Reached skill level 15 in Ice Magic
 51436 | Elf:3    | Found a large runed translucent door.
 51436 | Elf:3    | Found a large runed translucent door.
 51436 | Elf:3    | Noticed Vetissim's ghost (adept GrEE)
 51451 | Elf:3    | Killed Vetissim's ghost
 51980 | Elf:3    | Reached skill level 16 in Ice Magic
 51980 | Elf:3    | HP: 4/130 [deep elf high priest/a malign offering (33)]
 51981 | Elf:3    | Killed from afar by a deep elf high priest

Illustrated notes

Levels and vault maps discovered:
D:1:      saegor_arrival_simple_c, layout_rooms
D:2:      layout_basic, serial_shops, shop, uniq_sigmund
D:3:      layout_basic, marbit_many_paths, serial_curves, eino_curves_01,
          eino_curves_03
D:4:      layout_cave_pools, kennysheep_mini_moat, dk_noncrumbling_3
D:5:      layout_gridville, mainiacjoe_overflow_alcove_1,
          minmay_temple_entry_grid, grunt_decor_arrowhead,
          uniq_crazy_yiuf_cottage
D:6:      layout_basic, general_overflow_altar, gammafunk_temple_overflow_arena,
          gammafunk_temple_overflow_wave, kb_lookout_dungeons_type,
          minmay_increasing_density
D:7:      layout_basic
D:8:      layout_basic, old_standard_altar, mainiacjoe_overflow_paths
D:9:      layout_loops_corners, lightli_temple_of_fire, lair_entry_dummy,
          hiddenorc2_lemuel
D:10:     layout_loops_ring, glass_columns_b, dk_noncrumbling_2,
          nicolae_evil_shop
D:11:     layout_irregular_city
D:12:     layout_grid_maze, grunt_qazlal_sundering
D:13:     lemuel_castle_with_subvaults [lemuel_castle_interior_original],
          layout_irregular_city, uniq_lodul, uniq_kirke
D:14:     layout_basic, skrybe_vaults_entry_preservation,
          nicolae_uskayaw_suspiria, uniq_azrael, uniq_agnes
D:15:     hangedman_depths_entry_civil_slaughter, layout_cave_pools,
          trog_three_pillars_becter, chequers_serial_rivers_large_b,
          elyvilon_altar_5
Temple:   hellmonk_temple_flake
Lair:1:   layout_cave_pods, enter_volcano_2, st_stairs_5, grunt_megastairs_2
Lair:2:   layout_gridlike, dummy_spider_entry, chequers_serial_rivers_large_a,
          grunt_megastairs_5, lemuel_fruit_fields
Lair:3:   layout_chaotic_city, minmay_swamp_entry_worms, ice2_lemuel,
          lemuel_fruit_tree, infiniplex_staircase_pool_2
Lair:4:   layout_long_grid, minmay_slime_entry_oklob_enclosed,
          lemuel_fruit_fields
Lair:5:   minmay_lair_end_frog_pond, layout_regular_city,
          kennysheep_basilisk_garden
Swamp:1:  layout_basic_swamp, evilmike_swamp_ruin_house_6, swamp_pool5
Swamp:2:  layout_basic_swamp, evilmike_swamp_ruin_rubble_1,
          nicolae_swamp_trees_clearing, uniq_jorgrun
Swamp:3:  layout_falls_marsh, evilmike_swamp_ruin_rubble_2, uniq_mara
Swamp:4:  swamp_vile, layout_basic_swamp, uniq_donald
Spider:1: layout_spider_delve, guppyfry_hornet_nest,
          hangedman_spider_tarantella_strand
Spider:2: layout_spider_delve
Spider:3: layout_spider_delve, uniq_louise, uniq_asterion
Spider:4: hellmonk_spider_rune_bug_friends, nicolae_spider_orb_run
Orc:1:    layout_caves, uniq_erica, uniq_harold
Orc:2:    st_orc_mages, layout_diamond_mine, serial_shops,
          nicolae_shop_hallway_stairs, basic_altar
Elf:1:    layout_loops_cross, serial_shops, nicolae_shop_rolling_square, shop,
          shop, shop, nicolae_shop_industrial_runoff, drop_trap, st_stairs_14,
          minmay_elf_annihilation
Elf:2:    elven_hall_of_blades_hangedman_original [nooodl_blade_entry_preview],
          layout_loops_cross, gammafunk_ghost_cemetery, serial_shops,
          nicolae_shop_rolling_square, hangedman_elf_disciples
Elf:3:    minmay_elf_hall_golems, layout_loops_ring,
          ebering_ghost_disaster_area, uniq_saint_roka

Skill      XL: |  1  2  3  4  5  6  7  8  9 10 11 12 13 14 15 16 17 18 19 |
---------------+----------------------------------------------------------+-----
Conjurations   | 5 6 7 8 10 12 14 15 | 15.4
Spellcasting   | 5 6 7 8 10 13 14 15 | 15.2
Shields        | 1 2 4 5 8 |  8.0
Ice Magic      | 2 8 9 10 12 13 16 | 16.0
Fighting       | 6 10 11 12 | 12.2
Dodging        | 4 10 11 14 | 14.0
Air Magic      | 6 10 12 14 | 14.5
Earth Magic    | 5 12 | 12.4
Fire Magic     | 3 11 12 | 12.4
Stealth        | |  2.4

Action                     |  1- 3 |  4- 6 |  7- 9 | 10-12 | 13-15 | 16-18 | 19-21 || total
---------------------------+-------+-------+-------+-------+-------+-------+-------++-------
  Melee: Staff             |     2 |       |   158 |    45 |    92 |    89 |     8 ||   394
   Cast: Magic Dart        |    58 |    84 |   106 |    35 |    29 |    42 |    33 ||   387
         Searing Ray       |     4 |    12 |    53 |    41 |    14 |    13 |     7 ||   144
         Frozen Ramparts   |       |       |     6 |     5 |     3 |       |       ||    14
         Fulminant Prism   |       |       |     6 |    16 |    18 |     5 |     1 ||    46
         Freezing Cloud    |       |       |    18 |    80 |   261 |   121 |     7 ||   487
         Iskenderun's Batt |       |       |       |     2 |     5 |     1 |       ||     8
         Iskenderun's Myst |       |       |       |    34 |    70 |    77 |     2 ||   183
         Arcjolt           |       |       |       |       |    12 |    36 |     3 ||    51
         Iron Shot         |       |       |       |       |     6 |   292 |    13 ||   311
         Poisonous Vapours |       |       |       |       |     3 |       |       ||     3
         Maxwell's Capacit |       |       |       |       |       |    51 |    60 ||   111
         Starburst         |       |       |       |       |       |     7 |       ||     7
 Invoke: Curse Item        |       |       |     1 |     2 |     3 |     1 |       ||     7
    Use: Scroll            |     2 |       |       |    15 |     1 |     5 |     2 ||    25
         Potion            |       |       |       |     5 |     2 |     3 |     2 ||    12
 Armour: Robe              |     4 |     2 |    25 |    80 |   122 |   224 |    53 ||   510
  Dodge: Dodged            |     6 |    13 |    44 |    89 |   205 |   490 |   128 ||   975
  Block: Buckler           |       |       |    43 |    95 |   125 |   269 |    65 ||   597
         Reflection        |       |       |     9 |    14 |    29 |    27 |    23 ||   102
